 Dungeon Crawl Stone Soup version 0.32-a0-673-g3729bd50f8 (webtiles) character file.

Game seed: 17220464267868749039

28 FIREandBLOOD the Sneak (level 3, 16/16 HPs)
             Began as a Spriggan Enchanter on Mar 10, 2024.
             Quit the game on level 1 of the Dungeon on Mar 11, 2024.
             The game lasted 00:07:31 (542 turns).

FIREandBLOOD the Sneak (Spriggan Enchanter)          Turns: 542, Time: 00:07:32

Health: 16/16      AC:  2    Str:  4    XL:     3   Next: 0%
Magic:  8/8        EV: 17    Int: 18    God:
Gold:   72         SH:  0    Dex: 15    Spells: 7/7 levels left

rFire   . . .        a - +1 dagger
rCold   . . .        (no shield)
rNeg    . . .        b - +0 robe
rPois   .            e - +0 hat
rElec   .            (no cloak)
rCorr   .            (gloves unavailable)
SInv    +            (boots unavailable)
Will    .....        h - amulet of regeneration
Stlth   +++          (no ring)
HPRegen 1.02/turn    (no ring)
MPRegen 0.11/turn

%: no passive effects
@: very quick
A: very small, no large weapons, unfitting armour, see invisible, speed 3
a: no special abilities


You were on level 1 of the Dungeon.
You visited 1 branch of the dungeon, and saw 1 of its levels.

You collected 72 gold pieces.

Inventory:

Hand Weapons
 a - a +1 dagger (weapon)
Missiles
 g - 5 boomerangs (quivered)
Armour
 b - a +0 robe (worn)
 e - a +0 hat (worn)
Jewellery
 h - an amulet of regeneration (around neck)
Scrolls
 d - a scroll of identify {unknown}
 j - a scroll of blinking {unknown}
Potions
 c - 2 potions of invisibility
 f - a potion of magic {unknown}
 i - a potion of heal wounds {unknown}


   Skills:
 + Level 3.3 Short Blades
 - Level 2.6 Dodging
 - Level 4.4 Stealth
 - Level 2.6 Spellcasting
 - Level 3.6 Hexes


You had 7 spell levels left.
You didn't know any spells.
Your spell library contained the following spells:

 Spells                   Type           Power      Damage    Failure   Level
 Ensorcelled Hibernation  Hex/Ice        16%        N/A       12%         2
 Confusing Touch          Hex            15%        N/A       12%         3
 Tukima's Dance           Hex            15%        N/A       12%         3
 Dazzling Flash           Conj/Hex       16%        N/A       24%         3


Dungeon Overview and Level Annotations

Branches:
Dungeon (1/15)

Altars:


Innate Abilities, Weirdness & Mutations

You are very small and have problems with some larger weapons.
You are too small for most types of armour.
You have supernaturally acute eyesight. (SInv)
You cover ground extremely quickly. (Speed+++)


Message History

Press: ? - help, Q - select action Shift-Dir - straight line, f - kobold
Aim: a kobold, wielding a +0 whip (moderately wounded, 45% to hit)
You throw a boomerang.
The boomerang closely misses the kobold.
The kobold closely misses you.
You hit the kobold.
The kobold is severely wounded.
The kobold completely misses you.
You closely miss the kobold.
The kobold is severely wounded.
The kobold barely misses you.
You hit the kobold.
You kill the kobold!
Things that are here:
a +0 whip; a +0 dagger; a kobold corpse An endoplasm and a giant cockroach come into view.
The helpless giant cockroach fails to defend itself.
You impale the giant cockroach!!
You kill the giant cockroach!
An endoplasm comes into view.
The endoplasm quivers.
The helpless endoplasm fails to defend itself.
You impale the endoplasm!!
You kill the endoplasm!
You hit the endoplasm.
The endoplasm is severely wounded.
The endoplasm misses you.
You hit the endoplasm.
You kill the endoplasm!
You have reached level 3!
Your experience leads to an increase in your attributes!
Increase (S)trength, (I)ntelligence, or (D)exterity?
You feel clever. x2
Unknown command.
Are you sure you want to abandon this character and quit the game? (Confirm with "yes".)
Okay, then.
Unknown command.
There's something in the way.
Okay, then.
Are you sure you want to abandon this character and quit the game? (Confirm with "yes".)

####.#.#########
#....#.........
#.####.########
#.# ##.## #.#
#...# ##
#.###...### ##~~~
#.#.....>.###~~~~#
#.#.......#~~~~#
#@#..........~#
#.###)...######
#.# #....# #.#
##.#.# #.# #.#.#
#.# #...# # #.#
###.# ### #.#
#.#### #..
#.######|...####.#


There were no monsters in sight!

Vanquished Creatures
  4 ball pythons (D:1)
  A bat (D:1)
  4 endoplasms (D:1)
  2 giant cockroaches (D:1)
  3 jackals (D:1)
  A frilled lizard (D:1)
  4 goblins (D:1)
  3 kobolds (D:1)
  2 rats (D:1)
24 creatures vanquished.

Notes
Turn   | Place    | Note
-------+----------+-------------------------------------------
     0 | D:1      | FIREandBLOOD the Spriggan Enchanter began the quest for the
                  | Orb.
     0 | D:1      | Reached XP level 1. HP: 9/9 MP: 5/5
   245 | D:1      | Reached XP level 2. HP: 13/13 MP: 6/6
   269 | D:1      | Found a faded altar of an unknown god.
   542 | D:1      | Reached XP level 3. HP: 16/16 MP: 8/8
   542 | D:1      | Quit the game

Illustrated notes

Levels and vault maps discovered:
D:1:      lightli_iron_boxes, layout_loops_ring,
          hellmonk_ecumenical_altar_run_dry, chequers_serial_rivers_large_b,
          minmay_misc_feat_rows

Skill      XL: |  1  2 |
---------------+-------+-----
Short Blades   | 2 3 |  3.3
Dodging        | |  2.6
Stealth        | |  4.4
Spellcasting   | |  2.6
Hexes          | |  3.6

Action                     || total
---------------------------++-------
  Melee: Dagger            ||    80
  Throw: Boomerang         ||    15
   Stab: Sleeping          ||     5
 Armour: Robe              ||    36
  Dodge: Dodged            ||    60

Table legend: (Time is in decaauts)
 A = Elapsed time spent in this place.
 B = Non-inter-level travel time spent in this place.
 C = Inter-level travel time spent in this place.
 D = Time resting spent in this place.
 E = Time spent auto-exploring this place.
 F = Levels seen in this place.
 G = Mean time per level.
                   A        B        C        D        E       F      G
               +--------+--------+--------+--------+--------+-----+--------+
         Total |    396 |    396 |      0 |     55 |     13 |   1 |  396.0 |
       Dungeon |    396 |    396 |      0 |     55 |     13 |   1 |  396.0 |
               +--------+--------+--------+--------+--------+-----+--------+

Top non-repeatable levels by time:
     D:1: 396 daAuts
